 Dungeon Crawl Stone Soup version 0.26-a0-652-gafc20e3620 (webtiles) character file.

Game seed: 8743147968623707083

19728 Napalmbreeze the Grappler (level 12, -2/195 HPs)
             Began as a Troll Hunter on Oct 2, 2020.
             Was a High Priest of Trog.
             Slain by a phantasmal warrior (19 damage)
             ... led by a death knight
             ... on level 11 of the Dungeon on Oct 3, 2020.
             The game lasted 00:29:18 (9558 turns).

Napalmbreeze the Grappler (Troll Hunter)            Turns: 9558, Time: 00:29:18

Health: -2/195     AC:  9    Str: 27    XL:     12   Next: 39%
Magic:  11/11      EV: 12    Int:  7    God:    Trog [*****.]
Gold:   800        SH:  0    Dex: 10    Spells: 11/11 levels left

rFire    . . .     SeeInvis .     - Unarmed
rCold    + . .     Faith    +   (no shield)
rNeg     . . .     Spirit   .   H - +2 robe {rC+}
rPois    .         Reflect  .   (helmet restricted)
rElec    .         Harm     .   s - +0 cloak
rCorr    .         Rampage  .   (gloves unavailable)
MR       .....                  (boots unavailable)
Stlth    ..........             I - amulet of faith
HPRegen  0.82/turn              y - +4 ring of slaying
MPRegen  0.12/turn              E - +4 ring of slaying

@: berserking (expiring), vulnerable, slowed
A: large, unfitting armour, claws 3, regeneration 1, shaggy fur 1, tough skin 3
a: Berserk, Trog's Hand, Brothers in Arms, Renounce Religion


You were on level 11 of the Dungeon.
You worshipped Trog.
Trog was extremely pleased with you.
You visited 2 branches of the dungeon, and saw 12 of its levels.
You also visited: Bailey.

You collected 800 gold pieces.

Inventory:

Missiles
 c - 10 large rocks
 d - 5 throwing nets
 p - 12 javelins (quivered)
 r - 38 poisoned darts
Armour
 s - a +0 cloak (worn)
 B - a +0 tower shield
 H - a +2 robe of cold resistance (worn)
Jewellery
 y - a +4 ring of slaying (left claw)
 E - a +4 ring of slaying (right claw)
 F - an uncursed ring of protection from cold
 G - an uncursed ring of ice
 I - an amulet of faith (around neck)
Wands
 b - a wand of digging (5)
 k - a wand of iceblast (9)
 n - a wand of paralysis (12)
Scrolls
 e - 9 scrolls of teleportation
 g - a scroll of fear {unknown}
 i - 3 scrolls of remove curse
 q - 5 scrolls of enchant weapon
 u - 2 scrolls of magic mapping
 w - 2 scrolls of enchant armour {unknown}
 x - a scroll of acquirement
 z - a scroll of fog {unknown}
 A - a scroll of brand weapon {unknown}
 C - a scroll of identify
Potions
 a - 6 potions of curing
 f - 2 potions of heal wounds
 h - 2 potions of haste {unknown}
 j - 3 potions of might {unknown}
 l - 4 potions of magic
 m - a potion of mutation {unknown}
 o - 2 potions of lignification {unknown}
 t - a potion of invisibility {unknown}
 v - a potion of flight
 D - 2 potions of degeneration {unknown}


   Skills:
 - Level 11.0 Fighting
 - Level 6.0 Throwing
 - Level 5.9 Dodging
 - Level 0.3 Stealth
 + Level 6.0 Shields
 + Level 12.0 Unarmed Combat


You had 11 spell levels left.
You didn't know any spells.
Your spell library was empty.

Dungeon Overview and Level Annotations

Branches:
Dungeon (11/15)            Temple (1/1) D:5            Lair (0/6) D:9
 Bailey (visited)
    Orc: D:9-12

Altars:
Cheibriados
Dithmenos
Elyvilon
Fedhas
Hepliaklqana
Kikubaaqudgha
Trog
The Shining One


Innate Abilities, Weirdness & Mutations

You are too large for most types of armour.
You have claws for hands.
Your natural rate of healing is unusually fast.
You are covered in fur. (AC +1)
You have extremely tough skin. (AC +3)


Message History

Unknown command.
You scratch the wraith.
The wraith is heavily damaged.
The phantasmal warrior hits you!!
* * * LOW HITPOINT WARNING * * *
Unknown command.
You mangle the wraith!!
You destroy the wraith!
Trog accepts your kill.
Your Unarmed Combat skill increases to level 12!
The phantasmal warrior hits you!
* * * LOW HITPOINT WARNING * * *
Your magical defenses are stripped away!
You closely miss the phantasmal warrior.
The phantasmal warrior hits you!!
* * * LOW HITPOINT WARNING * * *
You eviscerate the phantasmal warrior!!!
The phantasmal warrior is severely damaged.
The phantasmal warrior hits you!!
You die...

#..............# #.
#####...........#..# #.#
.........#......#..#####..
.......>..#...............
...........รท..##.##..!##..
.....................###..
...........#[.........###.
.........##.#..........##.
.......#.@..##............
.......###W..[.......##...
........##...).<>.....#...
............).............
......#..............#....
.....###............##....
..............#......(.# #
........##.......## #
.............##..#####


You could see a phantasmal warrior.

Vanquished Creatures
  An orc warlord (Bailey)
  Josephine (D:10)
  Harold (D:8)
  Fannar (D:10)
  A death knight (D:11)
  A two-headed ogre (D:11)
  An ugly thing (D:11)
  Maurice (D:10)
  Joseph (D:8)
  A centaur zombie (D:11)
  A gargoyle (D:7)
  A hornet (D:9)
  4 hippogriffs
  A shadow (D:11)
  Grum (D:10)
  8 wraiths
  3 yaks (D:10)
  A steam dragon (D:11)
  A soldier ant (D:10)
  A black bear (D:7)
  2 ice beasts
  2 phantoms
  8 orc warriors
  2 sky beasts (D:8)
  A necrophage (D:6)
  5 ogres
  3 wolves
  6 centaurs
  8 bullfrogs
  5 scorpions
  A water moccasin skeleton (D:5)
  16 killer bees
  18 wights
  An electric eel (D:8)
  7 hounds
  5 jellies
  Crazy Yiuf (D:2)
  3 centaur skeletons
  7 orc priests
  15 orc wizards
  2 iguanas
  Jessica (D:2)
  A bullfrog skeleton (D:11)
  7 worker ants
  A hound skeleton (D:6)
  2 howler monkey skeletons
  5 gnolls
  3 worker ant zombies
  12 adders
  5 shadow imps
  6 white imps
  3 ufetubi
  An ooze (D:4)
  An adder zombie (D:9)
  2 worms
  A dart slug (D:5)
  2 leopard geckos
  39 orcs
  2 ball pythons (D:3)
  4 giant cockroaches
  15 goblins
  9 hobgoblins
  9 jackals
  2 quokkas
  5 bats
  A frilled lizard (D:5)
  A giant cockroach zombie (D:5)
  18 kobolds
  2 leopard gecko skeletons
  A leopard gecko zombie (D:8)
  9 rats
320 creatures vanquished.

Vanquished Creatures (others)
  5 fungi (D:11)
  4 plants
9 creatures vanquished.

Grand Total: 329 creatures vanquished

Notes
Turn   | Place    | Note
-------+----------+-------------------------------------------
     0 | D:1      | Napalmbreeze the Troll Hunter began the quest for the Orb.
     0 | D:1      | Reached XP level 1. HP: 19/19 MP: 0/0
   355 | D:1      | Reached XP level 2. HP: 28/28 MP: 1/1
   625 | D:1      | Reached skill level 1 in Unarmed Combat
   886 | D:2      | Noticed Jessica
   903 | D:2      | Killed Jessica
   903 | D:2      | Reached XP level 3. HP: 21/36 MP: 2/2
  1085 | D:2      | Found a runed translucent door.
  1086 | D:2      | Noticed Crazy Yiuf
  1293 | D:2      | Reached XP level 4. HP: 45/45 MP: 3/3
  1968 | D:2      | Killed Crazy Yiuf
  1968 | D:2      | Reached skill level 2 in Unarmed Combat
  2754 | D:4      | Reached XP level 5. HP: 54/54 MP: 4/4
  2918 | D:4      | Found a white marble altar of Elyvilon.
  3054 | D:5      | Entered Level 5 of the Dungeon
  3234 | D:5      | Reached skill level 3 in Unarmed Combat
  3265 | D:5      | Noticed an ogre
  3308 | D:5      | Reached XP level 6. HP: 63/63 MP: 5/5
  3341 | D:5      | Found a staircase to the Ecumenical Temple.
  3353 | Temple   | Entered the Ecumenical Temple
  3358 | Temple   | Became a worshipper of Trog the Wrathful
  3476 | D:5      | Reached skill level 5 in Fighting
  3504 | D:5      | Reached skill level 4 in Unarmed Combat
  3520 | D:5      | Reached XP level 7. HP: 67/72 MP: 6/6
  3549 | D:5      | Reached skill level 5 in Unarmed Combat
  3589 | D:5      | Found a hazy altar of Hepliaklqana.
  3589 | D:5      | Found a shadowy altar of Dithmenos.
  3636 | D:5      | Reached * piety under Trog
  3636 | D:5      | Reached skill level 6 in Unarmed Combat
  3933 | D:5      | Noticed a shadow
  4273 | D:6      | Reached skill level 7 in Unarmed Combat
  4310 | D:5      | Reached XP level 8. HP: 61/80 MP: 7/7
  4460 | D:6      | Reached skill level 8 in Unarmed Combat
  4523 | D:6      | Reached ** piety under Trog
  4634 | D:6      | Reached skill level 5 in Throwing
  4646 | D:6      | Reached skill level 9 in Unarmed Combat
  4773 | D:6      | Reached XP level 9. HP: 88/88 MP: 8/8
  5049 | D:7      | Found a flagged portal.
  5061 | Bailey   | Entered a bailey
  5074 | Bailey   | Noticed an orc warlord
  5156 | Bailey   | Reached *** piety under Trog
  5394 | Bailey   | Found a runed translucent gate.
  5394 | Bailey   | Found a runed translucent gate.
  5409 | Bailey   | Found a runed translucent gate.
  5458 | Bailey   | Killed an orc warlord
  5458 | Bailey   | Reached skill level 10 in Unarmed Combat
  5501 | Bailey   | Identified a scroll of acquirement
  5503 | Bailey   | Reached XP level 10. HP: 113/113 MP: 9/9
  5647 | D:7      | Reached XP level 11. HP: 76/120 MP: 10/10
  5649 | D:7      | Reached **** piety under Trog
  6659 | D:8      | Noticed Harold
  6685 | D:8      | Killed Harold
  6685 | D:8      | Reached skill level 5 in Dodging
  6728 | D:8      | Noticed Joseph
  6761 | D:8      | Killed Joseph
  7293 | D:9      | Reached skill level 1 in Shields
  7563 | D:9      | Reached ***** piety under Trog
  7606 | D:9      | Found a staircase to the Lair.
  7994 | D:10     | Entered Level 10 of the Dungeon
  8057 | D:10     | Received a gift from Trog
  8179 | D:10     | Noticed Fannar
  8196 | D:10     | Killed Fannar
  8298 | D:10     | Noticed Grum
  8308 | D:10     | Killed Grum
  8356 | D:10     | Noticed Josephine
  8364 | D:10     | Killed Josephine
  8364 | D:10     | Reached skill level 11 in Unarmed Combat
  8380 | D:10     | Reached XP level 12. HP: 91/130 MP: 11/11
  8558 | D:10     | Noticed Maurice
  8563 | D:10     | Killed Maurice
  9071 | D:11     | Reached skill level 5 in Shields
  9196 | D:11     | Noticed a two-headed ogre
  9209 | D:11     | Killed a two-headed ogre
  9223 | D:11     | Noticed a death knight
  9549 | D:11     | Killed a death knight
  9556 | D:11     | Reached skill level 12 in Unarmed Combat
  9558 | D:11     | Slain by a phantasmal warrior

Illustrated notes

Levels and vault maps discovered:
D:1:      dpeg_arrival_connections, layout_loops_corners, kennysheep_crisscross
D:2:      cheibrodos_old_hovel, layout_basic, uniq_crazy_yiuf_cottage,
          uniq_jessica
D:3:      layout_basic
D:4:      layout_gridville, elyvilon_altar_1
D:5:      layout_rooms, riverfiend_overflow_shadow_ancestor, temple_hall,
          grunt_tough_drop
D:6:      layout_rooms, minmay_misc_feat_more_columns
D:7:      layout_basic, enter_bailey_3, minmay_shattered_shrine
D:8:      layout_cave_pools, chequers_serial_rivers_micro_c,
          minmay_crystal_water, nicolae_benzene_ring, uniq_harold, uniq_joseph
D:9:      layout_roguey, lair_entry_dummy, st_stairs_8, grunt_ministairs_2
D:10:     layout_basic, uniq_josephine, uniq_grum, uniq_fannar, uniq_maurice
D:11:     old_forge, layout_cave_pools, minivault_25
Temple:   regret_index_temple_chain_breaker

Skill      XL: |  1  2  3  4  5  6  7  8  9 10 11 12 |
---------------+-------------------------------------+-----
Fighting       | 2 3 4 5 11 | 11.0
Unarmed Combat | 1 2 3 4 7 9 10 11 12 | 12.0
Throwing       | 5 6 |  6.0
Dodging        | 2 5 |  5.9
Shields        | 4 6 |  6.0
Stealth        | |  0.3

Action                   |  1- 3 |  4- 6 |  7- 9 | 10-12 || total
-------------------------+-------+-------+-------+-------++-------
Melee: Unarmed           |    97 |   154 |   212 |   434 ||   897
       Punch             |       |     1 |     4 |    17 ||    22
Throw: Stone             |     1 |     8 |       |       ||     9
       Dart              |       |     6 |    15 |       ||    21
       Large rock        |       |     3 |     4 |       ||     7
       Javelin           |       |     5 |     9 |     9 ||    23
Invok: Berserk           |       |       |    10 |     6 ||    16
       Trog's Hand       |       |       |       |     2 ||     2
  Use: Scroll            |       |       |    12 |     1 ||    13
       Potion            |       |       |     2 |       ||     2
 Stab: Sleeping          |     1 |     1 |       |     1 ||     3
Armor: Robe              |    32 |    52 |    53 |    99 ||   236
Dodge: Dodged            |    62 |    86 |    86 |   223 ||   457

Table legend: (Time is in decaauts)
 A = Elapsed time spent in this place.
 B = Non-inter-level travel time spent in this place.
 C = Inter-level travel time spent in this place.
 D = Time resting spent in this place.
 E = Time spent auto-exploring this place.
 F = Levels seen in this place.
 G = Mean time per level.
                   A        B        C        D        E       F      G
               +--------+--------+--------+--------+--------+-----+--------+
         Total |   9621 |   9260 |    361 |   1587 |   4340 |  13 |  740.1 |
       Dungeon |   9135 |   8774 |    361 |   1481 |   4340 |  11 |  830.5 |
        Temple |     10 |     10 |      0 |      0 |      0 |   1 |   10.0 |
        Bailey |    475 |    475 |      0 |    106 |      0 |   1 |  475.0 |
               +--------+--------+--------+--------+--------+-----+--------+

Top non-repeatable levels by time:
    D:10: 1182 daAuts
     D:2: 1157 daAuts
     D:7: 1085 daAuts
     D:5: 968 daAuts
     D:1: 928 daAuts
     D:6: 856 daAuts
     D:9: 793 daAuts
     D:8: 758 daAuts
     D:3: 565 daAuts
     D:4: 553 daAuts
  Bailey: 475 daAuts
    D:11: 286 daAuts
  Temple: 10 daAuts
